 Dungeon Crawl Stone Soup version 0.27-a0-1325-g58a489ad9e (webtiles) character file.

Game seed: 8620576140478767343

4 puppykicker the Vexing (level 1, -1/15 HPs)
             Began as a Vampire Arcane Marksman on June 24, 2021.
             Killed from afar by a dart slug (4 damage)
             ... with a slug dart
             ... on level 1 of the Dungeon.
             The game lasted 00:00:47 (222 turns).

puppykicker the Vexing (Vampire Arcane Marksman)     Turns: 222, Time: 00:00:47

Health: -1/15      AC:  2    Str:  9    XL:     1   Next: 50%
Magic:  2/2        EV: 12    Int: 15    God:
Gold:   10         SH:  0    Dex: 14    Spells: 1/2 levels left

rFire    . . .     SeeInvis +   a - +0 shortbow
rCold    . . .     Faith    .   (shield currently unavailable)
rNeg     . . .     Spirit   .   d - +0 robe
rPois    .         Reflect  .   (no helmet)
rElec    .         Harm     .   (no cloak)
rCorr    .         Rampage  .   (no gloves)
Will     .....                  (no boots)
Stlth    ++........             (no amulet)
HPRegen  0.25/turn              (no ring)
MPRegen  0.08/turn              (no ring)

@: healing quickly
A: alive, fangs 3, see invisible, vampiric 1
a: Exsanguinate


You were on level 1 of the Dungeon.
You visited 1 branch of the dungeon, and saw 1 of its levels.

You collected 10 gold pieces.

Inventory:

Hand Weapons
 a - a +0 shortbow (weapon)
 b - a +0 dagger
Missiles
 c - 2 throwing nets
 Q - 15 arrows (quivered ammo)
Armour
 d - a +0 robe (worn)


   Skills:
 - Level 1.0 Fighting
 + Level 0.2 Short Blades
 + Level 1.7 Bows
 - Level 2.1 Dodging
 + Level 0.7 Stealth
 - Level 1.0 Spellcasting
 - Level 4.4 Hexes


You had one spell level left.
You knew the following spells:

 Your Spells              Type           Power      Damage    Failure   Level
a - Corona                Hex            14%        N/A       4%          1

Your spell library contained the following spells:

 Spells                   Type           Power      Damage    Failure   Level
 Slow                     Hex            13%        N/A       6%          2
 Inner Flame              Hex/Fire       7%         N/A       30%         3
 Portal Projectile        Hex/Tloc       14%        N/A       30%         3
 Cause Fear               Hex            6%         N/A       38%         4
 Leda's Liquefaction      Hex/Erth       3%         N/A       69%         4


Dungeon Overview and Level Annotations

Branches:
Dungeon (1/15)

Altars:


Innate Abilities, Weirdness & Mutations

Your natural rate of healing is accelerated.
You have razor-sharp teeth.
You have supernaturally acute eyesight. (SInv)
You are afflicted with vampirism.


Message History

* * * LOW HITPOINT WARNING * * *
You take 4 damage, and have 6/15 hp.
MASSIVE DAMAGE!!
a - a +0 shortbow (weapon)
The quokka bites you.
* * * LOW HITPOINT WARNING * * *
You take 3 damage, and have 4/15 hp.
Fire: 20 arrows
Press: ? - help, Q - select action, (/) - cycle Shift-Dir - straight line, f - quokka
Aim: a quokka (heavily wounded, 46% to hit)
You shoot an arrow. The arrow closely misses the quokka.
The arrow hits the dart slug.
The quokka misses you.
Fire: 19 arrows
Press: ? - help, Q - select action, (/) - cycle Shift-Dir - straight line, f/p - quokka
Aim: a quokka (heavily wounded, 46% to hit)
You shoot an arrow. The arrow closely misses the quokka.
The arrow hits the dart slug.
The quokka bites you.
* * * LOW HITPOINT WARNING * * *
The quokka bites you but does no damage.
You take 2 damage, and have 2/15 hp.
Fire: 18 arrows
Press: ? - help, Q - select action, (/) - cycle Shift-Dir - straight line, f/p - quokka
Aim: a quokka (heavily wounded, 46% to hit)
You shoot an arrow. The arrow hits the quokka.
You kill the quokka!
Fire: 17 arrows
Press: ? - help, Q - select action, (/) - cycle Shift-Dir - straight line, f - dart slug
Aim: a dart slug (heavily wounded, 93% to hit)
You shoot an arrow.
The arrow hits the dart slug but does no damage.
The dart slug closely misses you.
Fire: 16 arrows
Press: ? - help, Q - select action, (/) - cycle Shift-Dir - straight line, f/p - dart slug
Aim: a dart slug (heavily wounded, 93% to hit)
You shoot an arrow. The arrow hits the dart slug.
The dart slug launches a dart at you. The slug dart hits you.
You die...

......# ###### .....#
#....###### .....#
#.#........ #....#
#.#........ #....#
#.#........ #....#
#.#........ #(####
#.#........ # #w#
#.#....†... ##.##@##
#.##.##.### #......#
#.##.##.###
##......#####.##.##....
...............##..##'#+
###......########..#....
#......# #..+....
####..## #..#..8. #..#
#..'.... #.. #..#..<.


You could see a dart slug.

Levels and vault maps discovered:
D:1:      minmay_arrival_solitary_statue, layout_basic, basic_ecumenical_altar

Notes
Turn   | Place    | Note
-------+----------+-------------------------------------------
     0 | D:1      | puppykicker the Vampire Arcane Marksman began the quest for
                  | the Orb.
     0 | D:1      | Reached XP level 1. HP: 14/14 MP: 2/2
    95 | D:1      | Reached skill level 1 in Fighting
   115 | D:1      | Identified a +0 dagger
   217 | D:1      | Identified a +0 shortbow
   219 | D:1      | HP: 2/15 [quokka (3)]
   222 | D:1      | Killed from afar by a dart slug

Table legend: (Time is in decaauts)
 A = Elapsed time spent in this place.
 B = Non-inter-level travel time spent in this place.
 C = Inter-level travel time spent in this place.
 D = Time resting spent in this place.
 E = Time spent auto-exploring this place.
 F = Levels seen in this place.
 G = Mean time per level.
                   A        B        C        D        E       F      G
               +--------+--------+--------+--------+--------+-----+--------+
         Total |    222 |    222 |      0 |      0 |    175 |   1 |  222.0 |
       Dungeon |    222 |    222 |      0 |      0 |    175 |   1 |  222.0 |
               +--------+--------+--------+--------+--------+-----+--------+

Top non-repeatable levels by time:
     D:1: 222 daAuts

Table legend:
 A = Kills in this place as a percentage of kills in entire the game.
 B = Kills by you in this place as a percentage of kills by you in the entire game.
 C = Kills by friends in this place as a percentage of kills by friends in the entire game.
 D = Other kills in this place as a percentage of other kills in the entire game.
 E = Experience gained in this place as a percentage of experience gained in the entire game.
 F = Experience gained in this place divided by the number of levels of this place that you have seen.
                   A       B       C       D       E      F
               +-------+-------+-------+-------+-------+----------------------
         Total | 100.0 | 100.0 |   N/A |   N/A | 100.0 |   6.0
       Dungeon | 100.0 | 100.0 |   N/A |   N/A | 100.0 |   6.0
               +-------+-------+-------+-------+-------+----------------------

Skill      XL: |  1 |
---------------+----+-----
Fighting       | 1 |  1.0
Short Blades   | |  0.2
Bows           | |  1.7
Dodging        | |  2.1
Stealth        | |  0.7
Spellcasting   | |  1.0
Hexes          | |  4.4

Action                   || total
-------------------------++-------
Melee: Dagger            ||    16
 Fire: Shortbow          ||     8
Armor: Robe              ||     5
Dodge: Dodged            ||    16

Vanquished Creatures
  A hobgoblin (D:1)
  A quokka (D:1)
  A ball python (D:1)
  A frilled lizard (D:1)
4 creatures vanquished.
